 Dungeon Crawl Stone Soup version 0.20.0-1-g1cb1d84 (webtiles) character file.

28996 inmateoo the Grappler (level 13, -4/113 HPs)
             Began as a Minotaur Monk on May 27, 2017.
             Was the Champion of Cheibriados.
             Hit by a large rock thrown by a cyclops (34 damage)
             ... on level 13 of the Dungeon.
             The game lasted 00:21:25 (14363 turns).

inmateoo the Grappler (Minotaur Monk)              Turns: 14363, Time: 00:21:26

Health: -4/113     AC:  9    Str: 35    XL:     13   Next: 12%
Magic:  16/16      EV: 25    Int: 22    God:    Cheibriados [******]
Gold:   691        SH:  9    Dex: 29    Spells: 4/18 levels left

rFire    + . .     SeeInvis .     - Unarmed
rCold    + . .     Gourm    .   u - +0 buckler
rNeg     . . .     Faith    .   G - +3 leather armour
rPois    .         Spirit   .   (helmet unavailable)
rElec    .         Reflect  +   J - scarf {rC+ rF+}
rCorr    .         Harm     .   (no gloves)
MR       .....                  (no boots)
Stlth    +++.......             P - +2 amulet of reflection
Regen    0.0/turn               H - +3 ring of evasion
MPRegen  0.2/turn               q - +3 ring of slaying

@: very slow
A: retaliatory headbutt, claws 1, horns 3, talons 2, iridescent scales 1,
mutation resistance 1, inhibited regeneration
a: Bend Time, Temporal Distortion, Slouch, Step From Time, Renounce Religion


You were on level 13 of the Dungeon.
You worshipped Cheibriados.
Cheibriados was exalted by your worship.
You were not hungry.

You visited 2 branches of the dungeon, and saw 14 of its levels.
You also visited: Labyrinth.

You collected 691 gold pieces.

Inventory:

Missiles
 C - 7 javelins (quivered)
Armour
 a - a +1 leather armour of cold resistance
 f - a +0 pair of gloves
 u - a +0 buckler (worn)
 y - a +0 pair of boots
 G - a +3 leather armour (worn)
 J - a scarf of resistance (worn)
Jewellery
 q - a +3 ring of slaying (right claw)
 H - a +3 ring of evasion (left claw)
 K - an uncursed ring of flight
 P - a +2 amulet of reflection (around neck)
Wands
 c - a wand of enslavement (11/24)
 v - a wand of iceblast (4/15)
 x - a wand of paralysis (10/24)
 B - a wand of confusion (23/48)
 D - a wand of digging (17/24)
 E - a wand of acid (5/15)
 F - a wand of paralysis (10/24)
 O - a wand of paralysis (12/24)
Scrolls
 d - 2 scrolls of fog
 g - 5 scrolls of identify
 h - 3 scrolls of amnesia
 j - 2 scrolls of remove curse
 k - 3 scrolls of magic mapping
 m - 2 scrolls of fear
 r - 2 scrolls of recharging
 w - a scroll of teleportation
 Q - a scroll of blinking
Potions
 i - a potion of flight
 s - a potion of cancellation
 A - a potion of brilliance
 I - a potion of ambrosia
 L - a potion of heal wounds
Books
 e - a book of Conjurations

   Spells                             Type                      Level
   a - Magic Dart                     Conjuration                  1
   b - Searing Ray                    Conjuration                  2
   c - Dazzling Spray                 Conjuration/Hexes            3
   d - Fulminant Prism                Conjuration/Hexes            4
   e - Force Lance                    Conjuration/Translocation    4
   f - Iskenderun's Mystic Blast      Conjuration                  4
 l - a book of Misfortune

   Spells                             Type                      Level
   a - Confusing Touch                Hexes                        1
   b - Confuse                        Hexes                        3
   c - Gell's Gravitas                Translocation                3
   d - Petrify                        Transmutation/Earth          4
   e - Metabolic Englaciation         Hexes/Ice                    5
   f - Yara's Violent Unravelling     Hexes/Transmutation          5
 p - a book of Frost

   Spells                             Type                      Level
   a - Freeze                         Ice                          1
   b - Throw Frost                    Conjuration/Ice              2
   c - Ozocubu's Armour               Charms/Ice                   3
   d - Throw Icicle                   Conjuration/Ice              4
   e - Summon Ice Beast               Ice/Summoning                4
 t - a book of Cantrips

   Spells                             Type                      Level
   a - Confusing Touch                Hexes                        1
   b - Animate Skeleton               Necromancy                   1
   c - Summon Small Mammal            Summoning                    1
   d - Apportation                    Translocation                1
 M - a book of Party Tricks

   Spells                             Type                      Level
   a - Summon Butterflies             Summoning                    1
   b - Apportation                    Translocation                1
   c - Lesser Beckoning               Translocation                3
   d - Tukima's Dance                 Hexes                        3
   e - Alistair's Intoxication        Transmutation/Poison         5
   f - Invisibility                   Hexes                        6
 N - the Guide on Boosting Flames
   (You found it in a labyrinth)

   Spells                             Type                      Level
   a - Bolt of Magma                  Conjuration/Fire/Earth       5
   b - Iskenderun's Battlesphere      Conjuration/Charms           5
   c - Ignition                       Fire                         8
Comestibles
 b - 9 bread rations
 n - 7 royal jellies
 o - 13 meat rations
 z - 9 fruits


   Skills:
 + Level 10.0 Fighting
 + Level 9.7 Armour
 + Level 9.3 Dodging
 - Level 1.5 Stealth
 + Level 4.6 Shields
 * Level 14.0 Unarmed Combat
 + Level 3.3 Spellcasting
 + Level 3.7 Translocations
 + Level 4.2 Transmutations
 + Level 4.0 Earth Magic
 + Level 5.7 Invocations


You had 4 spell levels left.
You knew the following spells:

 Your Spells              Type           Power        Failure   Level  Hunger
a - Apportation           Tloc           ###...       2%          1    None
b - Petrify               Tmut/Erth      ###.....     22%         4    ####...
c - Lesser Beckoning      Tloc           ###.......   9%          3    ###....
d - Invisibility          Hex            #.......     100%        6    #######


Dungeon Overview and Level Annotations

Branches:
Dungeon (13/15)            Temple (1/1) D:5            Lair (0/6) D:9
    Orc (0/2) D:10
 Vaults: D:13-14

Altars:
Cheibriados
Dithmenos
Fedhas
Gozag
Hepliaklqana
Kikubaaqudgha
Makhleb
Nemelex Xobeh
Okawaru
Uskayaw
Vehumet
Zin

Portals:
Trove: D:10 (give +2 storm dragon scales)

Annotations:
D:12 1 runed door


Innate Abilities, Weirdness & Mutations

You reflexively headbutt those who attack you in melee.
You have a pair of large horns on your head.
You have sharp fingernails.
You have razor-sharp toenails.
You are partially covered in iridescent scales. (AC +2)
You are somewhat resistant to further mutation.
You do not regenerate when monsters are visible.


Message History

The wyvern zombie bites you!
* * * LOW HITPOINT WARNING * * *
You mangle the wyvern zombie!! You claw the wyvern zombie.
You headbutt the wyvern zombie.
The wyvern zombie is severely damaged.
The wyvern zombie misses you. You furiously retaliate!
You headbutt the wyvern zombie.
Unknown command.
You claw the wyvern zombie!
You destroy the wyvern zombie!
Cheibriados thoroughly appreciates the change of pace.
Unknown command.
Throwing (i - inventory):
C - 8 javelins (quivered)
Press: ? - help, Shift-Dir - straight line, f - cyclops
Aim: a cyclops (severely wounded)
You throw a javelin.
The javelin hits the cyclops but does no damage.
The cyclops is severely wounded.
The cyclops throws a large rock.
The large rock hits you!!
You die...

..≈##.####
#.............##...
...##.#≈≈##
#.#######≈≈≈≈###...
...##.≈≈≈≈## #.#
##≈≈## #...
...##.≈≈≈≈≈## #.# ####
#...
......≈≈≈≈≈≈###'#####
###≈
..[...≈≈≈≈≈≈≈#.((...#
≈
......≈≈≈≈≈≈≈≈.(....#
≈
......≈≈≈≈≈≈≈#(.....#
####≈.≈≈≈≈≈≈##..@...#
.# ##.≈≈≈≈≈#..)†#####
.####.≈≈≈≈##.$.C......
..†...#≈≈###..........
.######### #.(........
.# ..(......C.. .#
######....... ##
#####.(. ...


You could see a cyclops.

Vanquished Creatures
  A minotaur (Lab)
  Josephine (D:11)
  Fannar (D:10)
  A hydra (D:11)
  5 two-headed ogres
  2 centaur warriors (D:13)
  The ghost of coolio the Zephyrmancer, a journeyman TeAE of Vehumet (D:10)
  Urug (D:11)
  Nergalle (D:11)
  An unseen horror (D:12)
  3 ugly things
  2 deep elf magi (D:13)
  A manticore (D:12)
  A cyclops (D:12)
  Joseph (D:9)
  Psyche (D:12)
  A gargoyle (D:12)
  A merfolk (D:9)
  3 trolls
  A tengu conjurer (D:13)
  A hippogriff (D:7)
  5 slime creatures (D:13)
  A shadow (Lab)
  Sigmund (D:2)
  A water elemental (D:13)
  9 yaks (D:11)
  4 wraiths
  2 wyverns
  9 hungry ghosts
  A steam dragon (D:13)
  5 vampire mosquitoes (D:13)
  A water moccasin (D:9)
  Duvessa (D:6)
  3 orc warriors
  Purgy (D:3)
  8 sky beasts
  5 ice beasts
  4 black bears
  An eye of draining (D:13)
  An eye of draining (shapeshifter) (D:12)
  3 necrophages
  3 phantoms
  6 centaurs
  2 wolves (D:9)
  6 ogres
  A crocodile (D:10)
  A big kobold (D:12)
  Blork the orc (D:6)
  9 bullfrogs
  3 wyvern zombies
  A wyvern skeleton (D:9)
  Dowan (D:6)
  5 scorpions
  15 killer bees
  11 wights
  9 electric eels
  3 howler monkeys
  3 crimson imps
  A quasit (D:12)
  2 bullfrog zombies
  A centaur zombie (D:10)
  10 hounds
  6 jellies
  8 orc wizards
  2 bullfrog skeletons
  3 orc priests
  Crazy Yiuf (D:6)
  5 centaur skeletons
  4 iguanas
  Natasha (D:3)
  7 worker ants
  A hound skeleton (D:4)
  A howler monkey zombie (D:5)
  7 gnolls
  17 adders
  4 shadow imps
  3 oozes
  An adder skeleton (D:7)
  4 worms
  A dart slug (D:1)
  7 leopard geckos
  29 orcs
  2 giant cockroaches (D:3)
  10 goblins
  6 hobgoblins
  14 jackals
  7 kobolds
  6 quokkas
  A ball python zombie (D:6)
  9 bats
  3 frilled lizards
  A leopard gecko zombie (D:6)
  2 quokka skeletons
  8 rats
372 creatures vanquished.

Vanquished Creatures (others)
  A centaur zombie (D:10)
1 creature vanquished.

Grand Total: 373 creatures vanquished

Notes
Turn   | Place    | Note
-------+----------+-------------------------------------------
     0 | D:1      | inmateoo the Minotaur Monk began the quest for the Orb.
     0 | D:1      | Reached XP level 1. HP: 19/19 MP: 0/0
   147 | D:1      | Reached skill level 4 in Unarmed Combat
   147 | D:1      | Reached XP level 2. HP: 24/26 MP: 1/1
   714 | D:2      | Noticed Sigmund
   730 | D:1      | Reached XP level 3. HP: 14/31 MP: 2/2
   972 | D:2      | Reached skill level 5 in Unarmed Combat
  1385 | D:3      | Reached XP level 4. HP: 32/39 MP: 3/3
  1416 | D:3      | Noticed Purgy
  1444 | D:3      | You fall through a shaft!
  1470 | D:4      | Noticed an ogre
  1560 | D:5      | Entered Level 5 of the Dungeon
  1594 | D:5      | Reached skill level 6 in Unarmed Combat
  1594 | D:5      | Reached XP level 5. HP: 32/45 MP: 4/4
  1727 | D:5      | Found a staircase to the Ecumenical Temple.
  1757 | Temple   | Entered the Ecumenical Temple
  1849 | Temple   | Became a worshipper of Cheibriados the Contemplative
  1849 | Temple   | Reached * piety under Cheibriados
  1849 | Temple   | Reached ** piety under Cheibriados
  2384 | D:5      | Noticed a sky beast
  2398 | D:5      | Killed a sky beast
  2398 | D:5      | Reached skill level 7 in Unarmed Combat
  2398 | D:5      | Reached XP level 6. HP: 32/51 MP: 5/5
  2402 | D:5      | Gained mutation: Your flesh is heat resistant. (rF+) [mutagenic meat]
  2403 | D:5      | Gained mutation: You are weak. (Str -2) [mutagenic meat]
  2404 | D:5      | Gained mutation: You do not regenerate when monsters are visible. [mutagenic meat]
  2406 | D:5      | Gained mutation: You are frail. (-10% HP) [mutagenic meat]
  2407 | D:5      | Gained mutation: You have sharp fingernails. [mutagenic meat]
  2639 | D:5      | Found a burning altar of Makhleb.
  2923 | D:5      | Reached skill level 1 in Armour
  2923 | D:5      | Reached skill level 8 in Unarmed Combat
  3035 | D:4      | Reached XP level 7. HP: 17/53 MP: 6/6
  3980 | D:3      | Killed Purgy
  3994 | D:3      | Reached *** piety under Cheibriados
  4026 | D:3      | Reached skill level 5 in Fighting
  4400 | D:3      | Noticed Natasha
  4405 | D:3      | Killed Natasha
  4405 | D:3      | Reached skill level 9 in Unarmed Combat
  4461 | D:3      | Reached XP level 8. HP: 61/61 MP: 7/7
  4475 | D:2      | Killed Sigmund
  4789 | D:6      | Noticed Blork the orc
  4791 | D:6      | Noticed Duvessa
  4792 | D:6      | Noticed Dowan
  4794 | D:6      | Killed Blork the orc
  4806 | D:6      | Killed Duvessa
  4806 | D:6      | Reached skill level 5 in Dodging
  4811 | D:6      | Killed Dowan
  4825 | D:6      | Reached **** piety under Cheibriados
  5135 | D:6      | Learned a level 1 spell: Apportation
  5192 | D:6      | Gained mutation: You have sharp toenails. [mutagenic meat]
  5193 | D:6      | Lost mutation: You do not regenerate when monsters are visible. [mutagenic meat]
  5337 | D:6      | Found a runed door.
  5406 | D:6      | Reached skill level 10 in Unarmed Combat
  5445 | D:6      | Noticed a two-headed ogre
  5464 | D:6      | Killed a two-headed ogre
  5464 | D:6      | Reached skill level 5 in Armour
  5464 | D:6      | Reached XP level 9. HP: 23/70 MP: 8/8
  6085 | D:6      | Noticed Crazy Yiuf
  6089 | D:6      | Killed Crazy Yiuf
  6164 | D:7      | Reached skill level 11 in Unarmed Combat
  6529 | D:7      | Reached ***** piety under Cheibriados
  6529 | D:7      | Reached skill level 1 in Invocations
  6874 | D:8      | Reached XP level 10. HP: 60/79 MP: 8/10
  6981 | D:8      | Paralysed by a wight for 6 turns
  7453 | D:8      | Learned a level 4 spell: Petrify
  7714 | D:8      | Reached skill level 12 in Unarmed Combat
  8115 | D:9      | Found a staircase to the Lair.
  8203 | D:9      | Reached ****** piety under Cheibriados
  8350 | D:9      | Reached skill level 1 in Transmutations
  8464 | D:9      | Found a shadowy altar of Dithmenos.
  8489 | D:9      | Noticed Joseph
  8492 | D:9      | Reached skill level 1 in Translocations
  8495 | D:9      | Reached skill level 1 in Earth Magic
  8498 | D:9      | Killed Joseph
  8498 | D:9      | Reached skill level 1 in Spellcasting
  8690 | D:10     | Entered Level 10 of the Dungeon
  8767 | D:10     | Noticed coolio's ghost (journeyman TeAE)
  8783 | D:10     | Killed coolio's ghost
  9219 | D:10     | Noticed Fannar
  9242 | D:10     | Killed Fannar
  9242 | D:10     | Reached XP level 11. HP: 33/85 MP: 5/12
  9498 | D:10     | Found a staircase to the Orcish Mines.
  9721 | D:10     | Noticed a two-headed ogre
  9750 | D:10     | Killed a two-headed ogre
  9924 | D:10     | Gained mutation: You are dopey. (Int -2) [mutagenic meat]
  9925 | D:10     | Gained mutation: You have razor-sharp toenails. [mutagenic meat]
  9926 | D:10     | Gained mutation: You do not regenerate when monsters are visible. [mutagenic meat]
 10115 | D:10     | Found a portal to a secret trove of treasure.
 10664 | D:11     | Noticed Urug
 10673 | D:11     | Killed Urug
 10685 | D:11     | Found a labyrinth entrance.
 10701 | Lab      | Entered a labyrinth
 11020 | Lab      | Noticed a minotaur
 11029 | Lab      | Killed a minotaur
 11029 | Lab      | Reached skill level 13 in Unarmed Combat
 11059 | Lab      | Identified the Guide on Boosting Flames
 11156 | D:11     | Noticed a two-headed ogre
 11165 | D:11     | Killed a two-headed ogre
 11288 | D:11     | Noticed Nergalle
 11297 | D:11     | Killed Nergalle
 11297 | D:11     | Reached skill level 1 in Shields
 11338 | D:11     | Noticed Josephine
 11353 | D:11     | Killed Josephine
 11363 | D:11     | Reached XP level 12. HP: 38/93 MP: 14/14
 11494 | D:11     | Lost mutation: You are weak. (Str -2) [mutagenic meat]
 11537 | D:11     | Reached skill level 5 in Invocations
 11657 | D:11     | Noticed an eight-headed hydra
 11665 | D:11     | Killed an eight-headed hydra
 12082 | D:11     | Gained mutation: You are partially covered in iridescent scales. (AC +2) [mutagenic meat]
 12084 | D:11     | Lost mutation: Your flesh is heat resistant. (rF+) [mutagenic meat]
 12176 | D:11     | Found a blossoming altar of Fedhas.
 12290 | D:11     | Lost mutation: You are dopey. (Int -2) [mutagenic meat]
 12291 | D:11     | Gained mutation: You have a pair of large horns on your head. [mutagenic meat]
 12292 | D:11     | Gained mutation: You are somewhat resistant to further mutation. [mutagenic meat]
 13015 | D:12     | Learned a level 3 spell: Lesser Beckoning
 13039 | D:12     | Learned a level 6 spell: Invisibility
 13115 | D:12     | Noticed a sphinx
 13115 | D:12     | Found a runed door.
 13200 | D:12     | Noticed Psyche
 13203 | D:12     | Killed Psyche
 13548 | D:12     | Noticed a two-headed ogre
 13552 | D:12     | Killed a two-headed ogre
 14127 | D:13     | Noticed a centaur warrior
 14130 | D:13     | Killed a centaur warrior
 14130 | D:13     | Reached XP level 13. HP: 101/101 MP: 16/16
 14154 | D:13     | Lost mutation: You are frail. (-10% HP) [mutagenic meat]
 14248 | D:13     | Reached skill level 10 in Fighting
 14351 | D:13     | Reached skill level 14 in Unarmed Combat
 14363 | D:13     | Hit by a large rock thrown by a cyclops

Skill      XL: |  1  2  3  4  5  6  7  8  9 10 11 12 13 |
---------------+----------------------------------------+-----
Unarmed Combat | 4 5 6 7 8 9 10 11 12 13 14 | 14.0
Armour         | 1 3 5 6 7 8 9 |  9.7
Fighting       | 4 5 6 7 8 9 10 | 10.0
Dodging        | 4 6 7 8 9 |  9.3
Invocations    | 1 3 4 5 |  5.7
Transmutations | 1 2 4 |  4.2
Translocations | 1 2 3 |  3.7
Earth Magic    | 1 2 4 |  4.0
Spellcasting   | 1 2 3 |  3.3
Shields        | 1 4 |  4.6
Stealth        | |  1.5

Action                   |  1- 3 |  4- 6 |  7- 9 | 10-12 | 13-15 || total
-------------------------+-------+-------+-------+-------+-------++-------
Melee: Unarmed           |    69 |    60 |   202 |   410 |    21 ||   762
       Headbutt          |     7 |    12 |    44 |   152 |     5 ||   220
       Punch             |       |     4 |     7 |    21 |       ||    32
       Kick              |       |       |    40 |   123 |    14 ||   177
Throw: Javelin           |       |       |       |     6 |     2 ||     8
Invok: Slouch            |       |       |       |     5 |     1 ||     6
Evoke: Wand              |       |       |       |     1 |       ||     1
  Use: Potion            |       |     2 |     2 |     6 |       ||    10
       Scroll            |       |    12 |     4 |     9 |       ||    25
 Stab: Sleeping          |     3 |     1 |    12 |     8 |       ||    24
       Distracted        |       |       |     2 |     2 |     1 ||     5
  Eat: Chunk             |     1 |     9 |     8 |    28 |     2 ||    48
       Fruit             |       |       |       |     3 |       ||     3
Armor: Robe              |     9 |     2 |       |       |       ||    11
       Leather armour    |       |     1 |    25 |    55 |     2 ||    83
       Skin              |       |       |     5 |       |       ||     5
Dodge: Dodged            |    56 |    25 |   170 |   327 |    16 ||   594
Block: Buckler           |       |       |       |    60 |    13 ||    73
       Reflection        |       |       |       |    11 |     5 ||    16
